 Dungeon Crawl Stone Soup version 0.15.2 (webtiles) character file.

2604 thisgroundistoosoft the Martial Artist (level 9, -13/69 HPs)
             Began as a Mummy Monk on Nov 19, 2014.
             Killed from afar by Blork the orc (15 damage)
             ... with a puff of flame
             ... on Level 5 of the Dungeon on Nov 20, 2014.
             The game lasted 01:09:23 (17445 turns).

thisgroundistoosoft the Martial Artist (MuMo)      Turns: 17445, Time: 01:09:23

HP -13/69        AC  2     Str 14      XL: 9   Next: 33%
MP   9/9         EV 18     Int  9      God:
Gold 430         SH  0     Dex 17      Spells:  0 memorised,  8 levels left

rFire  x . .     SeeInvis .       - Unarmed
rCold  + + .     Clarity  .     (no armour)
rNeg   + + +     rCorr    .     (no shield)
rPois  +         rRot     +     f - +0 helmet
rElec  .         Spirit   .     o - +0 cloak
SustAb .         Warding  .     (no gloves)
rMut   .         Stasis   .     (no boots)
Gourm  .                        (no amulet)
MR     +....                    m - ring of protection from cold
                                e - +3 ring of evasion

@: somewhat resistant to hostile enchantments, unstealthy
A: no food or potions, fire vulnerability, restore body, cold resistance 1,
negative energy resistance 3, poison resistance, torment resistance, unbreathing
a: no special abilities


You were on level 5 of the Dungeon.
You were not hungry.

You visited 1 branch of the dungeon, and saw 7 of its levels.

You collected 430 gold pieces.


Innate Abilities, Weirdness & Mutations

You do not eat or drink.
Your flesh is vulnerable to fire.
Your flesh is cold resistant.
You are immune to negative energy.
Your system is resistant to poisons.
You are immune to unholy pain and torment.
You can survive without breathing.


   Skills:
 - Level 6.0 Fighting
 - Level 4.6 Dodging
 - Level 1.5 Stealth
 + Level 9.5 Unarmed Combat


You had 8 spell levels left.
You didn't know any spells.

Inventory:

Missiles
 q - 7 arrows of dispersal {in case of emergency do not throw}
Armour
 f - a +0 helmet (worn)
 o - a +0 cloak (worn)
Comestibles
 h - 2 bread rations
 i - a slice of pizza (quivered)
 j - 7 fruits
 r - 2 royal jellies
Scrolls
 a - 2 scrolls of magic mapping {unknown}
 c - 3 scrolls of recharging
 d - 4 scrolls of amnesia
 g - 2 scrolls of remove curse
 l - a scroll of immolation {!r}
 n - a scroll of noise {!r}
 p - a scroll of random uselessness {unknown}
Jewellery
 e - a +3 ring of evasion (left hand)
 m - a ring of protection from cold (right hand)

Dungeon Overview and Level Annotations

Branches:
Dungeon (7/15)             Temple (0/1) D:5

Altars:
Cheibriados

Annotations:
D:5 lots of bees watch it, Blork the orc

.. .....
#..###'###
# #...
#...#.%..#
##'##...
#...#....#
#...'...
#...#....#
#..##...
#..s#.§§§#
#..##...
#...#.o§.#
#.......
#...#..§.#
#.......
#...@5h..#
#.......
#...#....#
#..##...
#...#....#
#.y##.).
#...#....#
#...#...
#..##...##
#...yy..
#.b #####
#..##...
#..
#..#####
#.. #...#
#...#


You could see Blork the orc, a hound, a crimson imp, a giant cockroach and a
bat.


Message History

You hear a zap.
Something tries to affect you, but you resist.
You swing at nothing.
The hound closely misses you. Blork the orc hits you with a scimitar!
* * * LOW HITPOINT WARNING * * *
Something claws you.
* * * LOW HITPOINT WARNING * * *
The hound misses you. Something claws you.
* * * LOW HITPOINT WARNING * * *
Blork the orc hits you with a scimitar!
* * * LOW HITPOINT WARNING * * *
Blork the orc glows brightly for a moment.
You swing at nothing.
The hound misses you.
Blork the orc looks braver.
You hear a zap.
Something tries to affect you, but you resist.
The hound misses you.
Blork the orc's eyes start to glow.
Blork the orc mumbles some strange words.
You feel troubled. The crimson imp barely misses you.
The hound closely misses you.
You hear a zap.
Something tries to affect you, but you resist.
Blork the orc becomes somewhat translucent.
The hound bites you but does no damage. The crimson imp misses you.
A bat comes into view.
You feel less confused.
Blork the orc points at you and mumbles some strange words.
The puff of flame hits you! The fire burns you terribly!
You die...

Action                   |  1- 3 |  4- 6 |  7- 9 || total
-------------------------+-------+-------+-------++-------
Melee: Unarmed           |   187 |   316 |   586 ||  1089
  Use: Scroll            |       |     6 |     9 ||    15
 Stab: Sleeping          |     4 |     3 |     2 ||     9
       Distracted        |       |     1 |     1 ||     2

Vault maps used:
D:1:      sevenhm_arrival_forest_fort_large_1
D:2:      supply_closet_lemuel, serial_bayou_lake_a
D:3:      first_bread
D:5:      minmay_temple_entry_mist, uniq_natasha, uniq_duvessa,
          uniq_blork_the_orc, uniq_grinder
D:7:      black_bear_nest_2, chei_beetle_safe_becter

Notes
Turn   | Place    | Note
--------------------------------------------------------------
     0 | D:1      | thisgroundistoosoft, the Mummy Monk, began the quest for the Orb.
     0 | D:1      | Reached XP level 1. HP: 18/18 MP: 1/1
   810 | D:1      | Reached XP level 2. HP: 22/24 MP: 2/2
  1274 | D:1      | Reached skill level 4 in Unarmed Combat
  1657 | D:1      | Reached XP level 3. HP: 21/29 MP: 3/3
  2801 | D:2      | Reached XP level 4. HP: 21/35 MP: 4/4
  3723 | D:3      | Reached skill level 5 in Unarmed Combat
  4074 | D:3      | Reached XP level 5. HP: 41/41 MP: 5/5
  4896 | D:4      | Got a distressingly furry ring mail
  6097 | D:5      | Entered Level 5 of the Dungeon
  6103 | D:5      | Noticed a necrophage
  6311 | D:3      | MackTheKnife: not tired of the masochism yet?
  6311 | D:3      | thisgroundistoosoft: oh
  6311 | D:3      | thisgroundistoosoft: dang
  6311 | D:3      | thisgroundistoosoft: rip mack
  6311 | D:3      | thisgroundistoosoft: oho
  6311 | D:3      | MackTheKnife: heyo
  6311 | D:3      | thisgroundistoosoft: hey mate
  6311 | D:3      | thisgroundistoosoft: well I died in odd circumstances in V
  6311 | D:3      | MackTheKnife: honestly, getting a goddamn MuMo with nogod and restrictions to XL21 is an achievement on its own
  6311 | D:3      | thisgroundistoosoft: so that bummed me out for a while
  6311 | D:3      | thisgroundistoosoft: but that's not the goal mack
  6311 | D:3      | thisgroundistoosoft: we shoot for the stars
  6326 | D:3      | MackTheKnife: reach for the sky and you end up in the treetops
  6339 | D:3      | MackTheKnife: aka getting murdered in V:$
  6355 | D:3      | my dear mimics
  6355 | D:3      | thisgroundistoosoft: yes well
  6457 | D:3      | MackTheKnife: isn't this trunk? thought they changed mimics to vanish when you got near
  6555 | D:3      | thisgroundistoosoft: nope, moved it to .15
  6555 | D:3      | MackTheKnife: mhm
  6565 | D:3      | names: because fffffuck bennu
  6606 | D:3      | thisgroundistoosoft: among other things
  6606 | D:3      | thisgroundistoosoft: (fffuck benu)
  6907 | D:5      | Noticed Blork the orc
  6944 | D:5      | Noticed Duvessa
  6944 | D:5      | Noticed Dowan
  7052 | D:3      | Killed a necrophage
  7052 | D:3      | Reached skill level 6 in Unarmed Combat
  7052 | D:3      | Reached XP level 6. HP: 43/47 MP: 6/6
  7390 | D:5      | Reached skill level 3 in Dodging
  7524 | D:5      | Killed Dowan
  7525 | D:5      | safe
  8314 | D:5      | Killed Duvessa
  8314 | D:5      | Reached skill level 4 in Dodging
  8314 | D:5      | Reached XP level 7. HP: 13/52 MP: 7/7
  8742 | D:5      | Found a staircase to the Ecumenical Temple.
  9392 | D:5      | hi
 10496 | D:5      | Noticed Grinder
 11863 | D:5      | Reached skill level 7 in Unarmed Combat
 12431 | D:6      | Reached XP level 8. HP: 37/58 MP: 8/8
 12837 | D:6      | Reached skill level 4 in Fighting
 12918 | D:6      | shh
 13166 | D:7      | Reached skill level 5 in Fighting
 13797 | D:7      | Reached skill level 6 in Fighting
 13919 | D:7      | Found a snail-covered altar of Cheibriados.
 15392 | D:7      | Reached skill level 8 in Unarmed Combat
 15393 | D:7      | tactics
 16479 | D:6      | Reached XP level 9. HP: 61/69 MP: 9/9
 16853 | D:7      | Reached skill level 9 in Unarmed Combat
 17265 | D:5      | Killed Grinder
 17440 | D:5      | HP: 1/69 [Blork the orc/scimitar (9)]
 17445 | D:5      | Killed from afar by Blork the orc

Vanquished Creatures
  Grinder (D:5)
  A black bear (D:7)
  A necrophage (D:3)
  2 ogres (D:6)
  4 centaurs
  Duvessa (D:5)
  A giant frog (D:6)
  A yak zombie (D:7)
  3 jellies
  A killer bee (D:5)
  4 scorpions
  A quasit (D:6)
  2 goliath beetles
  2 orc priests
  Dowan (D:5)
  A centaur zombie (D:7)
  3 crimson imps
  4 iguanas
  2 hounds
  8 orc wizards
  4 worker ants
  An ogre zombie (D:7)
  7 gnolls
  An inept feature mimic (D:3)
  8 adders
  3 worms
  2 adder skeletons (D:4)
  10 giant geckos
  22 orcs
  12 bats
  A bat skeleton (D:4)
  4 giant cockroaches
  14 goblins
  16 hobgoblins
  12 jackals
  12 kobolds
  3 quokkas
  3 ball pythons
  6 giant newts
  2 hobgoblin skeletons (D:4)
  A jackal skeleton (D:4)
  A kobold skeleton (D:4)
  An orc zombie (D:7)
  15 rats
  A rat zombie (D:5)
206 creatures vanquished.

Vanquished Creatures (others)
  An orc wizard (D:7)
1 creature vanquished.

Grand Total: 207 creatures vanquished
